General information
- name: BNet
- type: Ladder team game (AT/RT)
- host: Battle.net
- saver: LordaeronRaped
map: Cherryville
- players: 8
- length: 19:21
- speed: Fast
- version: 1.26 W3XP
- replay type: Public
» download(88 KB)
Players
team 1 (winner)
LordaeronRaped (
orange | 50 APM | 963 actions | 19:21)
7 Blood Mage
3 Flame Strike
2 Siphon Mana
1 Summon Phoenix
1 Banish
» actions
| Assign group hotkey | 39 | |
| Basic commands | 18 | |
| Build / train | 71 | |
| Enter build submenu | 30 | |
| Enter hero's abilities submenu | 7 | |
| Give item / drop item | 3 | |
| Remove unit from queue | 1 | |
| Right click | 351 | |
| Select / deselect | 262 | |
| Select group hotkey | 88 | |
| Use ability | 93 | |
963 total
» units
| Peasant | 13 | |
| Footman | 5 | |
| Sorceress | 3 | |
| Goblin Shredder | 1 | |
22 total
» upgrades
| Lumber Harvesting | 2 | |
| Sorceress Training | 1 | |
| Masonry | 2 | |
| Magic Sentry | 1 | |
6 total
» buildings
| Altar of Kings | 2 | |
| Barracks | 1 | |
| Farm | 4 | |
| Arcane Vault | 1 | |
| Town Hall | 1 | |
| Keep | 1 | |
| Lumber Mill | 1 | |
| Scout Tower | 18 | |
| Guard Tower | 4 | |
| Arcane Tower | 1 | |
| Arcane Sanctum | 2 | |
| Castle | 1 | |
37 total
» build order
00:37 Altar of Kings
00:48 Altar of Kings
00:51 Barracks
00:53 Farm
01:06 Farm
01:07 Farm
02:00 Farm
03:06 Arcane Vault
03:48 Town Hall
04:28 Keep
05:04 Lumber Mill
05:25 Scout Tower
05:25 Scout Tower
05:26 Scout Tower
05:26 Scout Tower
05:27 Scout Tower
05:37 Scout Tower
05:38 Scout Tower
05:40 Scout Tower
05:43 Scout Tower
06:38 Guard Tower
06:43 Arcane Tower
07:18 Arcane Sanctum
07:21 Arcane Sanctum
08:09 Guard Tower
09:24 Guard Tower
10:18 Scout Tower
10:18 Scout Tower
10:20 Scout Tower
10:53 Guard Tower
11:04 Scout Tower
11:05 Scout Tower
11:05 Scout Tower
11:07 Scout Tower
11:07 Scout Tower
11:09 Scout Tower
11:37 Castle
12:40 Guard Tower
» items
| Scroll of Regeneration | 5 | |
| Boots of Speed | 1 | |
| Potion of Healing | 5 | |
| Lesser Clarity Potion | 4 | |
| Potion of Mana | 5 | |
| Scroll of Town Portal | 4 | |
| Potion of Invisibility | 1 | |
| Staff of Teleportation | 1 | |
| Potion of Lesser Invulnerability | 1 | |
27 total
PooneyToons (
blue | 21 APM | 220 actions | 10:29)
2 Blood Mage
1 Flame Strike
1 Banish
» actions
| Build / train | 28 | |
| Enter build submenu | 15 | |
| Enter hero's abilities submenu | 4 | |
| Right click | 43 | |
| Select / deselect | 102 | |
| Use ability | 28 | |
220 total
» units
» buildings
| Altar of Kings | 1 | |
| Farm | 1 | |
| Town Hall | 1 | |
| Scout Tower | 11 | |
| Keep | 1 | |
| Lumber Mill | 1 | |
| Guard Tower | 2 | |
18 total
» build order
00:05 Altar of Kings
00:07 Farm
03:57 Town Hall
04:01 Scout Tower
04:03 Scout Tower
06:47 Keep
07:04 Lumber Mill
09:33 Scout Tower
09:36 Scout Tower
09:37 Scout Tower
09:40 Scout Tower
09:41 Scout Tower
09:44 Scout Tower
09:49 Scout Tower
09:50 Scout Tower
10:12 Guard Tower
10:18 Guard Tower
10:24 Scout Tower
» items
| Circlet of Nobility | 1 | |
| Staff of Teleportation | 1 | |
2 total

»
azt_ (
purple | 42 APM | 812 actions | 19:20)
8 Blood Mage
3 Flame Strike
3 Siphon Mana
2 Banish
» actions
| Assign group hotkey | 7 | |
| Build / train | 88 | |
| Enter build submenu | 32 | |
| Enter hero's abilities submenu | 8 | |
| Give item / drop item | 3 | |
| Right click | 400 | |
| Select / deselect | 187 | |
| Select group hotkey | 26 | |
| Use ability | 61 | |
812 total
» units
| Peasant | 28 | |
| Gryphon Rider | 28 | |
| Priest | 2 | |
58 total
» upgrades
| Masonry | 3 | |
| Swords | 3 | |
| Storm Hammers | 1 | |
| Armor | 1 | |
| Priest Training | 1 | |
9 total
» buildings
| Altar of Kings | 1 | |
| Farm | 14 | |
| Lumber Mill | 1 | |
| Scout Tower | 8 | |
| Arcane Vault | 1 | |
| Guard Tower | 9 | |
| Keep | 1 | |
| Blacksmith | 1 | |
| Castle | 1 | |
| Gryphon Aviary | 3 | |
| Barracks | 1 | |
| Arcane Sanctum | 1 | |
42 total
» build order
00:10 Altar of Kings
00:38 Farm
00:51 Farm
01:44 Lumber Mill
02:35 Scout Tower
02:43 Scout Tower
02:48 Arcane Vault
03:00 Scout Tower
03:08 Farm
03:10 Guard Tower
03:32 Guard Tower
03:32 Guard Tower
03:33 Guard Tower
03:33 Guard Tower
03:37 Scout Tower
03:49 Farm
03:58 Farm
04:08 Guard Tower
04:14 Scout Tower
05:02 Guard Tower
05:09 Keep
05:17 Scout Tower
05:36 Blacksmith
05:51 Guard Tower
06:01 Scout Tower
06:35 Guard Tower
07:17 Farm
07:22 Farm
07:34 Castle
07:37 Gryphon Aviary
08:23 Gryphon Aviary
08:57 Gryphon Aviary
09:01 Farm
09:40 Farm
10:19 Farm
10:24 Farm
11:07 Farm
15:49 Barracks
15:54 Scout Tower
16:17 Arcane Sanctum
17:39 Farm
17:53 Farm
» items

»
KJC_IS_GEE (
teal | 31 APM | 281 actions | 09:00)
2 Archmage
1 Blizzard
1 Brilliance Aura
» actions
| Basic commands | 3 | |
| Build / train | 34 | |
| Enter build submenu | 12 | |
| Enter hero's abilities submenu | 2 | |
| Remove unit from queue | 2 | |
| Right click | 109 | |
| Select / deselect | 83 | |
| Use ability | 36 | |
281 total
» units
» upgrades
» buildings
| Altar of Kings | 1 | |
| Farm | 4 | |
| Barracks | 1 | |
| Lumber Mill | 1 | |
| Arcane Vault | 1 | |
| Keep | 1 | |
| Scout Tower | 2 | |
| Blacksmith | 1 | |
| Guard Tower | 2 | |
14 total
» build order
00:07 Altar of Kings
00:19 Farm
00:43 Farm
01:27 Barracks
01:54 Lumber Mill
03:18 Arcane Vault
05:10 Keep
05:16 Farm
05:23 Farm
06:45 Scout Tower
06:50 Scout Tower
06:55 Blacksmith
07:16 Guard Tower
07:26 Guard Tower
» items
| Scroll of Regeneration | 3 | |
| Lesser Clarity Potion | 4 | |
7 total
team 2 (loser)
PR0000000000000 (
pink | 21 APM | 343 actions | 16:20)
3 Mountain King
1 Storm Bolt
2 Bash
» actions
| Assign group hotkey | 11 | |
| Basic commands | 7 | |
| Build / train | 44 | |
| Enter build submenu | 8 | |
| Enter hero's abilities submenu | 3 | |
| Right click | 155 | |
| Select / deselect | 73 | |
| Select group hotkey | 29 | |
| Use ability | 13 | |
343 total
» units
» upgrades
» buildings
| Altar of Kings | 1 | |
| Farm | 4 | |
| Blacksmith | 1 | |
| Barracks | 1 | |
| Lumber Mill | 1 | |
| Keep | 1 | |
9 total
» build order
00:12 Altar of Kings
00:23 Farm
01:01 Blacksmith
01:22 Barracks
01:42 Lumber Mill
03:05 Farm
03:55 Farm
03:56 Farm
07:13 Keep

»
H.H.Hippo (
green | 43 APM | 695 actions | 16:04)
3 Archmage
2 Summon Water Elemental
1 Brilliance Aura
2 Paladin
1 Holy Light
1 Divine Shield
» actions
| Basic commands | 14 | |
| Build / train | 70 | |
| Enter build submenu | 26 | |
| Enter hero's abilities submenu | 5 | |
| Right click | 258 | |
| Select / deselect | 259 | |
| Use ability | 63 | |
695 total
» units
| Peasant | 25 | |
| Footman | 20 | |
| Rifleman | 5 | |
50 total
» upgrades
| Swords | 2 | |
| Plating | 1 | |
| Gunpowder | 1 | |
| Armor | 1 | |
| Lumber Harvesting | 1 | |
6 total
» buildings
| Barracks | 2 | |
| Farm | 13 | |
| Altar of Kings | 2 | |
| Blacksmith | 2 | |
| Keep | 2 | |
| Lumber Mill | 2 | |
| Arcane Vault | 1 | |
| Scout Tower | 2 | |
| Guard Tower | 2 | |
| Gryphon Aviary | 1 | |
| Arcane Sanctum | 1 | |
30 total
» build order
00:25 Barracks
00:33 Barracks
00:44 Farm
00:51 Farm
00:59 Altar of Kings
01:08 Altar of Kings
01:19 Farm
01:27 Farm
01:35 Farm
02:03 Farm
02:40 Farm
03:31 Farm
03:50 Blacksmith
04:01 Blacksmith
04:06 Farm
05:22 Farm
05:39 Keep
05:46 Farm
05:52 Lumber Mill
05:57 Keep
06:05 Lumber Mill
07:09 Arcane Vault
07:14 Scout Tower
08:07 Guard Tower
08:30 Scout Tower
09:05 Guard Tower
12:03 Farm
12:17 Farm
14:55 Gryphon Aviary
15:25 Arcane Sanctum
» items
KcMaths (
yellow | 46 APM | 881 actions | 19:19)
3 Blademaster
1 Wind Walk
2 Mirror Image
1 Paladin
1 Divine Shield
» actions
| Build / train | 76 | |
| Enter build submenu | 16 | |
| Enter hero's abilities submenu | 4 | |
| Remove unit from queue | 4 | |
| Right click | 459 | |
| Select / deselect | 282 | |
| Use ability | 40 | |
881 total
» units
| Peon | 10 | |
| Grunt | 8 | |
| Raider | 11 | |
| Peasant | 12 | |
| Footman | 2 | |
| Spirit Walker | 7 | |
| Rifleman | 4 | |
| Tauren | 3 | |
57 total
» upgrades
| Melee Weapons | 2 | |
| Armor | 2 | |
| Ensnare | 1 | |
| Spirit Walker Training | 1 | |
6 total
» buildings
| Altar of Storms | 1 | |
| Orc Burrow | 6 | |
| Barracks | 1 | |
| War Mill | 1 | |
| Stronghold | 1 | |
| Voodoo Lounge | 1 | |
| Fortress | 1 | |
| Beastiary | 1 | |
| Spirit Lodge | 1 | |
| Tauren Totem | 1 | |
15 total
» build order
00:04 Altar of Storms
00:10 Orc Burrow
00:32 Barracks
02:08 Orc Burrow
02:15 War Mill
02:51 Stronghold
03:00 Voodoo Lounge
05:08 Orc Burrow
05:46 Fortress
05:51 Beastiary
05:56 Spirit Lodge
08:51 Orc Burrow
10:19 Tauren Totem
11:18 Orc Burrow
11:42 Orc Burrow
» items
| Healing Salve | 1 | |
| Lesser Clarity Potion | 1 | |
2 total

»
alcapwnd (
red | 33 APM | 9 actions | 00:16)
» actions
| Build / train | 2 | |
| Enter build submenu | 1 | |
| Right click | 3 | |
| Select / deselect | 3 | |
9 total
» units
Chat log
(00:16 / All) LordaeronRaped: gtfo
(01:18 / All) LordaeronRaped: God bless God
(01:24 / All) PR0000000000000: LOL
(02:25 / Allies) PooneyToons: noob.
(02:27 / All) PR0000000000000: PWNED!!!
(02:34 / All) KcMaths: that was noob
(02:34 / All) PR0000000000000: LOLOL
(03:18 / All) KcMaths: guys do you fucking suck?
(03:42 / All) KJC_IS_GEE: no wen we win
(03:47 / All) KcMaths: when*
(05:17 / Allies) PooneyToons: dafaq?
(06:27 / Allies) KJC_IS_GEE: theyre coming
(06:29 / All) PR0000000000000: NEWbS
(07:39 / Allies) KJC_IS_GEE: tp
(08:06 / Allies) KJC_IS_GEE: tp
(08:07 / Allies) KJC_IS_GEE: tp
(08:12 / All) LordaeronRaped: it is what it is
(08:20 / Allies) KJC_IS_GEE: yo yp
(08:22 / Allies) KJC_IS_GEE: yo tp
(08:23 / Allies) LordaeronRaped: better get towers blue
(08:27 / Allies) PooneyToons: teal i tiold you i was goin bm
(08:40 / Allies) KJC_IS_GEE: ok
(08:41 / Allies) KJC_IS_GEE: and
(08:48 / Allies) KJC_IS_GEE: that means you have no units
(08:59 / Allies) PooneyToons: i know
(11:12 / All) PR0000000000000: NEWBEST TEAM I HAVE EVER PLAYED AGAINST -_-
(11:21 / All) LordaeronRaped: we having fun
(14:16 / Allies) LordaeronRaped: Your welcome for blue's blood mage btw
(14:52 / All) LordaeronRaped: sup pink
(14:55 / All) LordaeronRaped: this noob?
(14:55 / All) PR0000000000000: LOL
(15:16 / All) LordaeronRaped: nice peasants
(15:20 / All) LordaeronRaped: shame I had to murder them all
(15:26 / All) PR0000000000000: I know right
(15:47 / All) PR0000000000000: well im not really a pro thats hwy
(16:11 / All) PR0000000000000: GG LOL we got owned
(16:14 / All) PR0000000000000: NEWBS
(16:27 / All) KcMaths: guys please
(16:28 / All) KcMaths: let us win
(16:37 / All) LordaeronRaped: why would we do that
(16:44 / All) KcMaths: please be nice
(16:49 / All) KcMaths: I have too many loses
(16:55 / All) LordaeronRaped: why don't you be nice and let us win?
(16:59 / All) LordaeronRaped: This will be my first win
(17:02 / All) KcMaths: because I am noob
(17:04 / All) KcMaths: and you are pro
(18:36 / All) KcMaths: please